 Dungeon Crawl Stone Soup version 0.28-a0-175-gb2089b6bb7 (webtiles) character file.

Game seed: 9110823758377776305

178 Nattfarinn the Grave Robber (level 5, -15/35 HPs)
             Began as a Mummy Necromancer on Aug 17, 2021.
             Demolished by an ogre (17 damage)
             ... on level 4 of the Dungeon.
             The game lasted 00:04:23 (3884 turns).

Nattfarinn the Grave Robber (Mummy Necromancer)     Turns: 3884, Time: 00:04:23

Health: -15/35     AC:  5    Str: 11    XL:     5   Next: 32%
Magic:  3/11       EV: 12    Int: 15    God:
Gold:   120        SH:  0    Dex: 16    Spells: 7/12 levels left

rFire   x . .      SeeInvis .   j - +0 dagger
rCold   + . .      Faith    .   (no shield)
rNeg    + + +      Spirit   .   a - +0 robe
rPois   ∞          Reflect  .   (no helmet)
rElec   .          Harm     .   (no cloak)
rCorr   .          Rampage  .   i - +0 pair of gloves {Dex+3}
Will    .....                   b - +1 pair of boots
Stlth   ++........              (no amulet)
HPRegen 0.11/turn               (no ring)
MPRegen 0.12/turn               (no ring)

@: weak-willed, very slightly contaminated
A: cold resistance 1, negative energy resistance 3, torment resistance 2, heat
vulnerability 1, no potions
a: no special abilities


You were on level 4 of the Dungeon.
You visited 1 branch of the dungeon, and saw 4 of its levels.

You collected 120 gold pieces.

Inventory:

Hand Weapons
 j - a +0 dagger (weapon)
Armour
 a - a +0 robe (worn)
 b - a +1 pair of boots (worn)
 i - a +0 pair of gloves of dexterity (worn)
Jewellery
 c - a ring of protection from cold
 g - a +6 ring of intelligence
 h - a +6 ring of intelligence
Scrolls
 d - a scroll of vulnerability
 e - 2 scrolls of amnesia {unknown}
 f - 4 scrolls of identify {unknown}
 k - a scroll of silence {unknown}


   Skills:
 - Level 1.5 Dodging
 - Level 1.5 Stealth
 + Level 4.4 Spellcasting
 * Level 5.9 Necromancy


You had 7 spell levels left.
You knew the following spells:

 Your Spells              Type           Power      Damage    Failure   Level
a - Pain                  Necr           84%        1d8       1%          1
b - Animate Skeleton      Necr           42%        N/A       1%          1
c - Vampiric Draining     Necr           10%        2d7       4%          3

Your spell library contained the following spells:

 Spells                   Type           Power      Damage    Failure   Level
 Animate Dead             Necr           10%        N/A       14%         4
 Magic Dart               Conj           12%        1d3       17%         1
 Call Imp                 Summ           3%         N/A       26%         2
 Passwall                 Tmut/Erth      2%         N/A       26%         2
 Agony                    Necr           21%        N/A       38%         5
 Mephitic Cloud           Conj/Pois/Air  3%         N/A       45%         3
 Swiftness                Air            3%         N/A       45%         3
 Invisibility             Hex            1%         N/A       100%        6


Dungeon Overview and Level Annotations

Branches:
Dungeon (4/15)
 Temple: D:4-7

Altars:

Shops:
D:2 (


Innate Abilities, Weirdness & Mutations

You are immune to poison.
Your flesh is cold resistant. (rC+)
You are immune to negative energy. (rN+++)
You are immune to unholy pain and torment.
You are vulnerable to heat. (rF-)
You do not drink.


Message History

A hound comes into view.
The ogre writhes in agony.
The hound barks!
The ogre writhes in agony.
Casting: Pain (safe; 1% risk of failure)
Confirm with . or Enter, or press ? or * to list all spells.
Aiming: Vampiric Draining (dangerous; 4% risk of failure)
Press: ? - help, Shift-Dir - straight line, f/p - ogre
Aim: an ogre, wielding a +0 giant club (moderately wounded)
You miscast Vampiric Draining.
You are very lightly contaminated with residual magic.
Nothing appears to happen.
Casting: Vampiric Draining (dangerous; 4% risk of failure)
Confirm with . or Enter, or press ? or * to list all spells.
Aiming: Vampiric Draining (dangerous; 4% risk of failure)
Press: ? - help, Shift-Dir - straight line, f/p - ogre
Aim: an ogre, wielding a +0 giant club (moderately wounded)
You draw life force from the ogre.
The ogre misses you.
Casting: Vampiric Draining (dangerous; 4% risk of failure)
Confirm with . or Enter, or press ? or * to list all spells.
You don't have enough magic to cast this spell.
Unknown command.
You hit the ogre but do no damage.
The ogre is heavily wounded.
The ogre hits you with a +0 giant club!
You hit the ogre but do no damage.
The ogre is heavily wounded.
The ogre hits you with a +0 giant club!!
Ouch! That really hurt!
* * * LOW HITPOINT WARNING * * *
Unknown command.
Unknown command.
Casting: Vampiric Draining (dangerous; 4% risk of failure)
Confirm with . or Enter, or press ? or * to list all spells.
You don't have enough magic to cast this spell.
Unknown command.
As you read the scroll labelled SUEVIA GECUAW, it crumbles to dust.
Magic quickly surges around you.
It was a scroll of vulnerability.
The ogre hits you with a +0 giant club!
You die...

... #.#
#)# # #.#
.# #.#
.###.
#.#......
#.#......
..
#@Oh.....
#.#
#.#......
.. #!#
..... #.
#.# ....
#.##.#
...
#..#.# ..
#####
#.#.# .
.....
#...#
#####
##..#


You could see an ogre (weak-willed) and a hound (weak-willed).

Vanquished Creatures
  A howler monkey (D:3)
  A bullfrog skeleton (D:4)
  Jessica (D:2)
  4 adders
  2 worms
  A dart slug (D:2)
  An orc (D:4)
  6 ball pythons
  4 endoplasms
  4 giant cockroaches
  4 goblins
  2 hobgoblins
  7 kobolds
  A quokka (D:1)
  4 bats
  5 frilled lizards
  2 rats
50 creatures vanquished.

Notes
Turn   | Place    | Note
-------+----------+-------------------------------------------
     0 | D:1      | Nattfarinn the Mummy Necromancer began the quest for the
                  | Orb.
     0 | D:1      | Reached XP level 1. HP: 13/13 MP: 4/4
   141 | D:1      | Found a faded altar of an unknown god.
   374 | D:1      | Reached XP level 2. HP: 19/19 MP: 4/6
   882 | D:1      | Learned a level 1 spell: Animate Skeleton
  1256 | D:2      | Reached XP level 3. HP: 24/24 MP: 3/7
  1299 | D:2      | Noticed Jessica
  1302 | D:2      | Killed Jessica
  1303 | D:2      | Reached skill level 5 in Necromancy
  1412 | D:2      | You fall into a shaft and drop 1 floor!
  1733 | D:3      | Reached XP level 4. HP: 29/30 MP: 5/9
  2761 | D:2      | Found Orchytiwk's Weapon Shop.
  2767 | D:2      | Learned a level 3 spell: Vampiric Draining
  2856 | D:2      | Reached XP level 5. HP: 35/35 MP: 5/11
  3876 | D:4      | Noticed an ogre
  3884 | D:4      | Demolished by an ogre

Illustrated notes

Levels and vault maps discovered:
D:1:      psy_arrival_conway, layout_basic, hellmonk_ecumenical_altar_run_dry,
          kennysheep_another_room, chequers_serial_rivers_micro_d,
          kennysheep_small_spiral, fountainhead
D:2:      layout_loops_ring, serial_shops, shop_fountains, uniq_jessica
D:3:      layout_basic, due_unseen_surprise
D:4:      layout_basic, serial_shops, nicolae_shop_trees, serial_park_tiny_pond,
          hangedman_decor_peaks_small

Skill      XL: |  1  2  3  4 |
---------------+-------------+-----
Spellcasting   | 3 4 |  4.4
Necromancy     | 5 |  5.9
Dodging        | |  1.5
Stealth        | |  1.5

Action                   |  1- 3 |  4- 6 || total
-------------------------+-------+-------++-------
Melee: Unarmed           |     8 |     9 ||    17
       Dagger            |       |    14 ||    14
 Cast: Pain              |    51 |    61 ||   112
       Animate Skeleton  |       |     1 ||     1
       Vampiric Draining |       |     1 ||     1
  Use: Scroll            |       |     1 ||     1
Armor: Robe              |     4 |    12 ||    16
Dodge: Dodged            |    10 |    22 ||    32

Table legend: (Time is in decaauts)
 A = Elapsed time spent in this place.
 B = Non-inter-level travel time spent in this place.
 C = Inter-level travel time spent in this place.
 D = Time resting spent in this place.
 E = Time spent auto-exploring this place.
 F = Levels seen in this place.
 G = Mean time per level.
                   A        B        C        D        E       F      G
               +--------+--------+--------+--------+--------+-----+--------+
         Total |   3892 |   3691 |    201 |    292 |   3050 |   4 |  973.0 |
       Dungeon |   3892 |   3691 |    201 |    292 |   3050 |   4 |  973.0 |
               +--------+--------+--------+--------+--------+-----+--------+

Top non-repeatable levels by time:
     D:3: 1201 daAuts
     D:1: 1095 daAuts
     D:2: 982 daAuts
     D:4: 613 daAuts
